 Dungeon Sprint DCSS version 0.30-a0-389-g8d7d949f56 (webtiles) character file.

Game seed: 587567449892511735

1586 mhtbhm the Geomancer (level 8, 0/64 HPs)
             Began as a Deep Elf Earth Elementalist on Dec 4, 2022.
             Was a High Priest of Vehumet.
             Slain by a spriggan rider
             ... wielding a +0 spear
              (4 damage)
             ... in the Dungeon (Sprint V: "Ziggurat Sprint").
             The game lasted 00:05:13 (580 turns).

mhtbhm the Geomancer (Deep Elf Earth Elementalist)   Turns: 580, Time: 00:05:13

Health: 0/64       AC: 10    Str:  5    XL:     8   Next: 61%
Magic:  15/25      EV: 15    Int: 29    God:    Vehumet [*****.]
Gold:   0          SH:  0    Dex: 11    Spells: 12/30 levels left

rFire   + . .      SeeInvis .    B - +8 lance "Wyrmbane" {slay drac, rPois rF+ rC+ AC+3}
rCold   + + +      Faith    .    (no shield)
rNeg    + . .      Spirit   .    a - +2 robe {rC+}
rPois   +          Reflect  .    (no helmet)
rElec   .          Harm     .    r - +2 cloak {rPois}
rCorr   +          Rampage  .    (no gloves)
Will    .....      NoTele   +    (no boots)
Stlth   ..........               (no amulet)
HPRegen 0.30/turn                u - +6 ring of intelligence
MPRegen 0.19/turn                s - ring of the Dropbear {rC+ rN+ rCorr Dex-4}

@: berserking, studying Necromancy, very quick
A: no striking features
a: Renounce Religion


You were in the Dungeon.
You worshipped Vehumet.
Vehumet was extremely pleased with you.
You visited 1 branch

Inventory:

Hand Weapons
 B - the +8 lance "Wyrmbane" (weapon) {slay drac, rPois rF+ rC+ AC+3}
   (You found it in the Dungeon)

   It inflicts extra damage against dragons and draconians.
   AC:        It affects your AC (+3).
   rF:        It protects you from fire.
   rC:        It protects you from cold.
   rPois:     It protects you from poison.
Armour
 a - a +2 robe of cold resistance (worn)
 r - a +2 cloak of poison resistance (worn)
Jewellery
 s - the ring of the Dropbear (right hand) {rC+ rN+ rCorr Dex-4}
   (You found it in the Dungeon)

   [ring of protection from cold]

   Dex:       It affects your dexterity (-4).
   rC:        It protects you from cold.
   rN:        It protects you from negative energy.
   rCorr:     It protects you from acid and corrosion.
 t - a +6 ring of intelligence
 u - a +6 ring of intelligence (left hand)
 v - a +6 ring of strength
 w - a +6 ring of strength
Wands
 x - a wand of mindburst (7)
 y - a wand of iceblast (4)
 z - a wand of acid (7)
Scrolls
 g - 2 scrolls of blinking
 m - 4 scrolls of amnesia
 n - 7 scrolls of butterflies
 o - 5 scrolls of identify
 p - a scroll of fear
Potions
 b - 8 potions of magic
 c - 10 potions of curing
 d - 6 potions of heal wounds
 e - 6 potions of haste
 f - a potion of berserk rage
 h - 2 potions of brilliance
 i - 2 potions of invisibility
 j - 4 potions of resistance
 k - a potion of experience
 l - 5 potions of might
Miscellaneous
 q - a phantom mirror
 A - a lightning rod (4/4)


   Skills:
 + Level 1.0 Fighting
 + Level 4.1 Polearms
 + Level 9.1 Dodging
 + Level 7.1 Stealth
 + Level 11.8 Spellcasting
 + Level 1.1 Conjurations
 + Level 2.2 Transmutations
 + Level 14.3 Earth Magic
 + Level 3.6 Evocations


You had 12 spell levels left.
You knew the following spells:

 Your Spells              Type           Power      Damage    Failure   Level
a - Sandblast             Erth           100%       2d20      0%          1
b - Passwall              Tmut/Erth      50%        N/A       1%          2
c - Stone Arrow           Conj/Erth      100%       3d13      1%          3
d - Petrify               Tmut/Erth      60%        N/A       1%          4
e - Foxfire               Conj/Fire      80%        2x1d8     1%          1
f - Dragon Form           Tmut           15%        N/A       100%        7

Your spell library contained the following spells:

 Spells                   Type           Power      Damage    Failure   Level
 Hailstorm                Conj/Ice       20%        3d6       2%          3
 Scorch                   Fire           34%        2d6       1%          2
 Flame Wave               Conj/Fire      20%        2d7       7%          4
 Cause Fear               Hex            8%         N/A       30%         4
 Summon Cactus Giant      Summ           8%         N/A       99%         6
 Dragon's Call            Summ           8%         N/A       100%        9


Dungeon Overview and Level Annotations

Branches:
Dungeon (1/1)

Altars:
Ashenzari
Cheibriados
Dithmenos
Elyvilon
Fedhas
Gozag
Hepliaklqana
Kikubaaqudgha
Makhleb
Nemelex Xobeh
Okawaru
Qazlal
Ru
Sif Muna
Trog
Uskayaw
Vehumet
Wu Jian
Xom
Yredelemnul
Zin
The Shining One
Jiyva
Lugonu

Annotations:
D 1 transporter


Message History

You are too injured to fight recklessly!
You are too injured to fight recklessly!
You are too injured to fight recklessly!
You are too injured to fight recklessly!
You are too injured to fight recklessly!
You are too injured to fight recklessly!
You are too injured to fight recklessly!
You are too injured to fight recklessly!
You are too injured to fight recklessly!
You are too injured to fight recklessly!
You are too injured to fight recklessly!
You are too injured to fight recklessly!
You are too injured to fight recklessly!
You are too injured to fight recklessly!
You are too injured to fight recklessly!
Unknown command.
Reach: B) +8 lance "Wyrmbane" {slay drac, rPois rF+ rC+ AC+3}
Press: ? - help, Dir - move target, f/p - spriggan rider
Aim: a spriggan rider, wielding a +0 spear and wearing a +2 buckler (lightly wounded, about 53% to evade the +8 lance "Wyrmbane")
You reach to attack!
You puncture the spriggan rider!
The spriggan rider is heavily wounded.
The wolf bites you.
* * * LOW HITPOINT WARNING * * *
Reach: B) +8 lance "Wyrmbane" {slay drac, rPois rF+ rC+ AC+3}
Press: ? - help, Dir - move target, f/p - spriggan rider
Aim: a spriggan rider, wielding a +0 spear and wearing a +2 buckler (heavily wounded, about 53% to evade the +8 lance "Wyrmbane")
You reach to attack!
The spriggan rider blocks your attack.
The spriggan rider is heavily wounded.
The spriggan rider misses you. The wolf misses you.
Unknown command.
Unknown command.
Reach: B) +8 lance "Wyrmbane" {slay drac, rPois rF+ rC+ AC+3}
Press: ? - help, Dir - move target, f/p - spriggan rider
Aim: a spriggan rider, wielding a +0 spear and wearing a +2 buckler (moderately wounded, about 53% to evade the +8 lance "Wyrmbane")
You reach to attack!
The spriggan rider blocks your attack.
The spriggan rider is moderately wounded.
The wolf bites you!
* * * LOW HITPOINT WARNING * * *
The spriggan rider hits you from afar with a +0 spear.
You die...

▓..8©8..▓
▓..}}[..▓
▓..)|}..▓
▓.......▓
▓......h▓
▓.......▓
▓....i..▓
▓.....)h▓
▓...©..@▓
▓▓▓▓▓▓▓▓▓


You could see a spriggan rider, a black bear and a wolf.

Vanquished Creatures
  Sigmund (D)
  A spriggan (D)
  4 air elementals (D)
  A yak (D)
  A black bear (D)
  A wolf (D)
  Blork the orc (D)
  Crazy Yiuf (D)
  4 orc priests (D)
  Jessica (D)
  2 orc wizards (D)
  A river rat (D)
  2 orcs (D)
21 creatures vanquished.

Vanquished Creatures (others)
  4 foxfires (D)
4 creatures vanquished.

Grand Total: 25 creatures vanquished

Notes
Turn   | Place    | Note
-------+----------+-------------------------------------------
     0 | D        | mhtbhm the Deep Elf Earth Elementalist began the quest for
                  | the Orb.
     0 | D        | Reached XP level 1. HP: 10/10 MP: 6/6
     0 | D        | Found a shimmering blue altar of Sif Muna.
     0 | D        | Found a bloodstained altar of Trog.
     0 | D        | Found a sacrificial altar of Ru.
     0 | D        | Found a stormy altar of Qazlal.
     0 | D        | Found an iron altar of Okawaru.
     1 | D        | Found a sparkling altar of Nemelex Xobeh.
     1 | D        | Found a blossoming altar of Fedhas.
     1 | D        | Found the +6 Majin-Bo {vamp, MP+6 Int+6}
     1 | D        | Found the +9 heavy crossbow "Sniper" {vorpal, Acc+∞ SInv}
     1 | D        | Found the +10 dark maul {vorpal}
     1 | D        | Found the +15 Maxwell's patent armour {-Cast -Tele rElec
                  | Will+ rCorr}
     1 | D        | Found the +18 shield of the Gong {rElec rN+ Will+ EV-5}
     1 | D        | Found the +14 obsidian axe {vorpal, Mesm Drain Fly SInv}
     1 | D        | Found the +7 great mace "Firestarter" {inner flame, rF++}
     1 | D        | Found the +6 shillelagh "Devastator" {shatter}
     1 | D        | Found the +11 plutonium sword {Contam Stlth-}
     1 | D        | Found the +8 lance "Wyrmbane" {slay drac, rPois rF+ rC+
                  | AC+3}
     1 | D        | Found the +9 sword of Zonguldrok {reap}
     1 | D        | Found the +13 scythe of Curses {drain, Drain}
     1 | D        | Found the +5 sword of Power {vorpal}
     1 | D        | Found the +7 mace of Variability {chain chaos}
     1 | D        | Found the +7 Singing Sword {vorpal, sonic wave}
     1 | D        | Found the +8 storm bow {elec, penet}
     5 | D        | Found an ancient bone altar of Kikubaaqudgha.
     5 | D        | Found a corrupted altar of Lugonu.
     5 | D        | Found a transporter.
     5 | D        | Found a burning altar of Makhleb.
     5 | D        | Found a viscous altar of Jiyva.
     5 | D        | Found a hazy altar of Hepliaklqana.
     6 | D        | Found an opulent altar of Gozag.
     8 | D        | Banished a spatial maelstrom
    37 | D        | Became a worshipper of Vehumet
    67 | D        | Entered arena 2.
    67 | D        | Noticed a yak
    67 | D        | Found a transporter.
    70 | D        | Reached skill level 4 in Earth Magic
    70 | D        | Reached XP level 2. HP: 15/15 MP: 6/8
    74 | D        | Killed a yak
    75 | D        | Reached skill level 1 in Polearms
    75 | D        | Reached skill level 5 in Dodging
    75 | D        | Reached skill level 8 in Earth Magic
    75 | D        | Reached XP level 3. HP: 19/19 MP: 7/13
    75 | D        | Reached XP level 4. HP: 24/24 MP: 7/14
    75 | D        | Reached XP level 5. HP: 28/28 MP: 8/16
   117 | D        | Learned a level 2 spell: Passwall
   121 | D        | Learned a level 3 spell: Stone Arrow
   126 | D        | Learned a level 4 spell: Petrify
   128 | D        | Entered arena 3.
   128 | D        | Found a transporter.
   131 | D        | Reached * piety under Vehumet
   131 | D        | Offered knowledge of Foxfire by Vehumet.
   132 | D        | Reached skill level 9 in Earth Magic
   244 | D        | Learned a level 1 spell: Foxfire
   244 | D        | Entered arena 4.
   244 | D        | Noticed Sigmund
   244 | D        | Noticed Jessica
   244 | D        | Noticed Blork the orc
   244 | D        | Noticed Crazy Yiuf
   244 | D        | Found a transporter.
   246 | D        | Killed Crazy Yiuf
   246 | D        | Offered knowledge of Static Discharge by Vehumet.
   246 | D        | Reached ** piety under Vehumet
   247 | D        | Reached skill level 10 in Earth Magic
   247 | D        | Reached XP level 6. HP: 32/32 MP: 11/18
   249 | D        | Killed Jessica
   250 | D        | Reached skill level 5 in Stealth
   250 | D        | Killed Sigmund
   250 | D        | Killed Blork the orc
   251 | D        | Reached skill level 11 in Earth Magic
   251 | D        | Reached skill level 1 in Evocations
   251 | D        | Reached XP level 7. HP: 34/36 MP: 14/21
   281 | D        | Learned a level 7 spell: Dragon Form
   306 | D        | Entered arena 5.
   306 | D        | Noticed an air elemental
   306 | D        | Noticed an air elemental
   306 | D        | Noticed an air elemental
   306 | D        | Noticed an air elemental
   306 | D        | Found a transporter.
   307 | D        | Paralysed by an air elemental for 1 turns
   308 | D        | Killed an air elemental
   308 | D        | Reached *** piety under Vehumet
   308 | D        | Killed an air elemental
   309 | D        | Reached skill level 10 in Spellcasting
   309 | D        | Reached skill level 12 in Earth Magic
   309 | D        | Killed an air elemental
   310 | D        | Reached skill level 13 in Earth Magic
   310 | D        | Reached XP level 8. HP: 37/41 MP: 20/24
   310 | D        | Paralysed by an air elemental for 1 turns
   314 | D        | Killed an air elemental
   470 | D        | Entered arena 6.
   470 | D        | Found a transporter.
   471 | D        | Offered knowledge of Hailstorm by Vehumet.
   471 | D        | Reached **** piety under Vehumet
   495 | D        | Got the ring of the Dropbear {rC+ rN+ rCorr Dex-4}
   555 | D        | Entered arena 7.
   555 | D        | Noticed a spriggan rider
   559 | D        | Found a transporter.
   563 | D        | Reached skill level 14 in Earth Magic
   568 | D        | Reached ***** piety under Vehumet
   574 | D        | Reached skill level 1 in Fighting
   574 | D        | Reached skill level 1 in Conjurations
   580 | D        | Slain by a spriggan rider

Illustrated notes

Levels and vault maps discovered:
D:        sprint_v [room_start, room_1, room_2, room_3, room_4, room_5, room_6,
          room_7, room_8, room_9, room_10, room_11, room_12, room_13, room_14,
          room_15, room_16, room_17, room_18, room_19, room_20, room_21,
          room_22, room_23, room_24, room_25, room_26, room_27]

Skill      XL: |  1  2  3  4  5  6  7  8 |
---------------+-------------------------+-----
Dodging        | 3 5 7 8 9 |  9.1
Earth Magic    | 4 8 10 11 13 14 | 14.3
Polearms       | 1 2 3 4 |  4.1
Stealth        | 4 5 6 7 |  7.1
Spellcasting   | 6 7 9 10 11 | 11.8
Evocations     | 1 2 3 |  3.6
Transmutations | 2 |  2.2
Fighting       | 1 |  1.0
Conjurations   | 1 |  1.1

Action                   |  1- 3 |  4- 6 |  7- 9 || total
-------------------------+-------+-------+-------++-------
Melee: Lance             |     6 |       |    10 ||    16
       Punch             |     1 |       |       ||     1
 Cast: Stone Arrow       |       |     7 |    12 ||    19
       Sandblast         |       |       |     3 ||     3
       Foxfire           |       |       |     2 ||     2
Evoke: Lightning rod     |       |     3 |       ||     3
       Phantom mirror    |       |     1 |     1 ||     2
       Wand              |       |       |     3 ||     3
  Use: Potion            |     1 |       |     5 ||     6
       Scroll            |       |       |     3 ||     3
Armor: Robe              |       |       |     8 ||     8
Dodge: Dodged            |     3 |     1 |    24 ||    28

Table legend: (Time is in decaauts)
 A = Elapsed time spent in this place.
 B = Non-inter-level travel time spent in this place.
 C = Inter-level travel time spent in this place.
 D = Time resting spent in this place.
 E = Time spent auto-exploring this place.
 F = Levels seen in this place.
 G = Mean time per level.
                   A        B        C        D        E       F      G
               +--------+--------+--------+--------+--------+-----+--------+
         Total |    582 |    582 |      0 |    325 |      0 |   1 |  582.0 |
       Dungeon |    582 |    582 |      0 |    325 |      0 |   1 |  582.0 |
               +--------+--------+--------+--------+--------+-----+--------+

Top non-repeatable levels by time:
       D: 582 daAuts
